 Dungeon Crawl Stone Soup version 0.31-a0-920-g28cbb04a8c (webtiles) character file.

Game seed: 14309983004697174286

154 Fodor the Covered (level 5, -1/47 HPs)
             Began as a Minotaur Fighter on Oct 16, 2023.
             Slain by a phantom (2 damage)
             ... on level 4 of the Dungeon on Oct 17, 2023.
             The game lasted 00:12:42 (2455 turns).

Fodor the Covered (Minotaur Fighter)                Turns: 2455, Time: 00:12:43

Health: -1/47      AC:  8    Str: 23    XL:     5   Next: 13%
Magic:  0/4        EV: 10    Int:  5    God:
Gold:   131        SH:  4    Dex:  9    Spells: 4/4 levels left

rFire   . . .        a - +0 long sword
rCold   . . .        c - +0 buckler
rNeg    . . .        b - +0 scale mail
rPois   .            (helmet restricted)
rElec   .            (no cloak)
rCorr   .            o - +0 pair of gloves
SInv    +            (no boots)
Will    .....        (no amulet) Stlth
                     n - ring of see invisible
HPRegen 0.27/turn    (no ring)
MPRegen 0.09/turn

%: no passive effects
@: mighty
A: horns 2, retaliatory headbutt
a: no special abilities


You were on level 4 of the Dungeon.
You visited 1 branch of the dungeon, and saw 4 of its levels.

You collected 131 gold pieces.

Inventory:

Hand Weapons
 a - a +0 long sword (weapon)
Missiles
 s - a throwing net
Armour
 b - a +0 scale mail (worn)
 c - a +0 buckler (worn)
 o - a +0 pair of gloves (worn)
Jewellery
 n - a ring of see invisible (left hand)
Talismans
 q - a blade talisman
Wands
 p - a wand of roots (9)
Scrolls
 g - a scroll of vulnerability {unknown}
 h - a scroll of revelation {unknown}
 i - a scroll of enchant weapon {unknown}
 j - 4 scrolls of enchant armour {unknown}
 k - 3 scrolls of identify {unknown}
 l - a scroll of summoning {unknown}
Potions
 e - a potion of haste {unknown}
 f - a potion of curing {unknown}
 m - a potion of cancellation
 r - a potion of mutation {unknown}
 t - a potion of invisibility {unknown}


   Skills:
 + Level 4.4 Fighting
 + Level 4.1 Long Blades
 + Level 4.5 Armour
 + Level 1.5 Dodging
 + Level 4.3 Shields


You had 4 spell levels left.
You didn't know any spells.
Your spell library contained the following spells:

 Spells                   Type           Power      Damage    Failure   Level
 Freeze                   Ice            0%         1d3       83%         1
 Frozen Ramparts          Ice            0%         1d1       99%         3
 Hailstorm                Conj/Ice       0%         3d3       99%         3
 Volatile Blastmotes      Fire/Tloc      0%         2d10      99%         3
 Iskenderun's Mystic Bla  Conj/Tloc      0%         2d3       100%        4
 Vhi's Electric Charge    Tloc/Air       0%         N/A       100%        4
 Arcjolt                  Conj/Air       0%         1d10      100%        5
 Plasma Beam              Fire/Air       0%         2x1d10    100%        6
 Haunt                    Necr/Summ      0%         N/A       100%        7
 Borgnjor's Revivificati  Necr           0%         N/A       100%        8
 Death's Door             Necr           0%         N/A       100%        9


Dungeon Overview and Level Annotations

Branches:
Dungeon (4/15)
 Temple: D:4-7

Altars:
Dithmenos
Kikubaaqudgha
Nemelex Xobeh
Xom
The Shining One


Innate Abilities, Weirdness & Mutations

You have a pair of horns on your head.
You reflexively headbutt those who attack you in melee.


Message History

You block the gnoll's attack.
The gnoll hits you with a +2 antimagic spear.
You feel your power leaking away.
Things that are here:
a +0 spear; a wand of flame (15); a gnoll corpse You hit the dart slug.
The dart slug is lightly wounded.
The gnoll hits you from afar with a +0 spear.
* * * LOW HITPOINT WARNING * * *
The dart slug launches a dart at you.
The slug dart hits you but does no damage.
The gnoll barely misses you. The gnoll hits you but does no damage.
Things that are here:
a giant cockroach corpse; an adder corpse It was a potion of cancellation.
You feel magically purged.
The gnoll hits you from afar with a +2 antimagic spear.
* * * LOW HITPOINT WARNING * * *
The dart slug bites you but does no damage.
You feel very mighty all of a sudden.
The gnoll hits you from afar with a +0 spear.
* * * LOW HITPOINT WARNING * * *
The gnoll barely misses you.
You slash the dart slug!
You kill the dart slug!
You block the gnoll's attack. The gnoll closely misses you.
A phantom comes into view.
The gnoll barely misses you.
The gnoll hits you with a +2 antimagic spear.
* * * LOW HITPOINT WARNING * * *
Items here: ) / ††.
You slash the gnoll!
You kill the gnoll!
The gnoll misses you.
You completely miss the phantom. You headbutt the phantom!
The phantom is heavily damaged.
The gnoll hits you with a +2 antimagic spear.
* * * LOW HITPOINT WARNING * * *
The phantom hits you.
You die...

...#.#..#
..........#
....####....##
.... #.....#
... #.#.#.## ..
#.#....##
#.......#
#..##.#.#####
#.. #.#.W@†.#
?... #...g##.#
###..####.)##.#
........###.#
...>..#?# ...
..###.#.. ... .
.g...... ##
##...... ....


You could see a phantom and a gnoll.

Vanquished Creatures
  3 gnolls (D:4)
  5 adders
  2 worms (D:3)
  A dart slug (D:4)
  2 orcs (D:3)
  8 ball pythons
  6 bats
  6 endoplasms
  2 giant cockroaches
  7 goblins
  3 hobgoblins
  2 jackals (D:3)
  5 kobolds
  4 quokkas
  8 frilled lizards
  11 rats
  A spectral kobold (D:1)
76 creatures vanquished.

Notes
Turn   | Place    | Note
-------+----------+-------------------------------------------
     0 | D:1      | Fodor the Minotaur Fighter began the quest for the Orb.
     0 | D:1      | Reached XP level 1. HP: 19/19 MP: 0/0
   152 | D:1      | Reached XP level 2. HP: 27/27 MP: 1/1
   604 | D:1      | Reached XP level 3. HP: 33/33 MP: 2/2
   667 | D:1      | Got the Thoughts on Points
   716 | D:1      | Upgraded the game from 0.31-a0-889-g1a8549509d to
                  | 0.31-a0-920-g28cbb04a8c
   716 | D:1      | Found a faded altar of an unknown god.
  1565 | D:3      | Found a shadowy altar of Dithmenos.
  1569 | D:3      | Found a sparkling altar of Nemelex Xobeh.
  1575 | D:3      | Reached XP level 4. HP: 41/41 MP: 3/3
  1758 | D:3      | Found a glowing golden altar of the Shining One.
  1833 | D:3      | Found a shimmering altar of Xom.
  2049 | D:3      | Found an ancient bone altar of Kikubaaqudgha.
  2401 | D:4      | Identified the "Ceroj"
  2401 | D:4      | Identified the "Idipumosch"
  2401 | D:4      | Identified the of Ybizan
  2447 | D:4      | Reached skill level 1 in Dodging
  2447 | D:4      | Reached XP level 5. HP: 24/47 MP: 1/4
  2453 | D:4      | Noticed a phantom
  2455 | D:4      | HP: 1/47 [gnoll/+2 antimagic spear (6)]
  2455 | D:4      | Slain by a phantom

Illustrated notes

Levels and vault maps discovered:
D:1:      minmay_arrival_doors, layout_basic,
          dreamdust_ecumenical_altar_drowned_temple, hangedman_decor_points,
          hangedman_decor_opposing
D:2:      layout_rooms
D:3:      layout_basic, jmf_multi_god_temple, lemuel_doored_altar,
          mainiacjoe_overflow_large_starburst, minmay_misc_feat_roman,
          minmay_statues_item, kennysheep_generic_room_16
D:4:      layout_rooms, nicolae_sif_muna_little_library

Skill      XL: |  1  2  3  4 |
---------------+-------------+-----
Shields        | 4 |  4.3
Fighting       | 4 |  4.4
Armour         | 4 |  4.5
Long Blades    | 3 4 |  4.1
Dodging        | 1 |  1.5

Action                     |  1- 3 |  4- 6 || total
---------------------------+-------+-------++-------
  Melee: Long sword        |   107 |    56 ||   163
         Headbutt          |     6 |     6 ||    12
    Use: Potion            |       |     2 ||     2
 Armour: Scale mail        |    55 |    75 ||   130
  Dodge: Dodged            |    61 |    47 ||   108
  Block: Buckler           |    30 |    24 ||    54

Table legend: (Time is in decaauts)
 A = Elapsed time spent in this place.
 B = Non-inter-level travel time spent in this place.
 C = Inter-level travel time spent in this place.
 D = Time resting spent in this place.
 E = Time spent auto-exploring this place.
 F = Levels seen in this place.
 G = Mean time per level.
                   A        B        C        D        E       F      G
               +--------+--------+--------+--------+--------+-----+--------+
         Total |   2507 |   2488 |     19 |    124 |      0 |   4 |  626.8 |
       Dungeon |   2507 |   2488 |     19 |    124 |      0 |   4 |  626.8 |
               +--------+--------+--------+--------+--------+-----+--------+

Top non-repeatable levels by time:
     D:1: 920 daAuts
     D:3: 863 daAuts
     D:2: 664 daAuts
     D:4: 58 daAuts
